 Dungeon Crawl Stone Soup version 0.21-a0-150-gc243083 (webtiles) character file.

590 IsaacBound the Slasher (level 7, -2/78 HPs)
             Began as a Demonspawn Fighter on July 29, 2017.
             Succumbed to an orc's poison
             ... on level 5 of the Dungeon.
             The game lasted 00:04:03 (3759 turns).

IsaacBound the Slasher (Demonspawn Fighter)         Turns: 3759, Time: 00:04:04

Health: -2/78      AC: 11    Str: 22    XL:     7   Next: 15%
Magic:  9/9        EV:  5    Int:  9    God:
Gold:   217        SH:  9    Dex: 14    Spells: 6/6 levels left

rFire    . . .     SeeInvis .   a - +0 long sword
rCold    . . .     Gourm    .   c - +0 shield
rNeg     . . .     Faith    .   p - +0 chain mail
rPois    .         Spirit   .   (no helmet)
rElec    .         Reflect  .   (no cloak)
rCorr    .         Harm     .   k - +0 pair of gloves
MR       .....                  (no boots)
Stlth    ..........             h - amulet of rage
HPRegen  0.23/turn              (no ring)
MPRegen  0.11/turn              (no ring)

@: mighty, berserking, lethally poisoned (-2 -> -25), slowed, drained
A: hooves 2, iridescent scales 1, powered by pain 1
a: Evoke Berserk Rage


You were on level 5 of the Dungeon.
You were full.

You visited 1 branch of the dungeon, and saw 5 of its levels.

You collected 217 gold pieces.

Inventory:

Hand Weapons
 a - a +0 long sword (weapon)
Armour
 b - a +0 scale mail
 c - a +0 shield (worn)
 k - a +0 pair of gloves (worn)
 p - a +0 chain mail (worn)
Jewellery
 h - an amulet of rage (around neck)
 o - an uncursed amulet of the gourmand
 t - a +6 ring of dexterity {unknown}
 y - an uncursed ring of poison resistance {unknown}
Scrolls
 g - 3 scrolls of remove curse {unknown}
 i - a scroll of blinking {unknown}
 r - 3 scrolls of identify {unknown}
 u - a scroll of enchant weapon {unknown}
 v - 2 scrolls of recharging {unknown}
 x - a scroll of fog {unknown}
 A - a scroll of enchant armour {unknown}
 B - a scroll of magic mapping {unknown}
Potions
 d - a potion of might
 e - 4 potions of lignification {unknown}
 j - 2 potions of brilliance {unknown}
 n - 2 potions of invisibility {unknown}
 q - a potion of berserk rage {unknown}
 s - 2 potions of mutation {unknown}
 w - a potion of flight {unknown}
 z - a potion of curing {unknown}
 C - a potion of degeneration {unknown}
Comestibles
 f - 5 bread rations
 l - 3 meat rations
 m - 2 royal jellies


   Skills:
 + Level 3.0(2.3) Fighting
 * Level 6.3(5.6) Long Blades
 + Level 2.8(2.2) Armour
 + Level 0.1(0.0) Dodging
 + Level 3.0(2.3) Shields
 + Level 3.1(2.4) Evocations


You had 6 spell levels left.
You didn't know any spells.

Dungeon Overview and Level Annotations

Branches:
Dungeon (5/15)
 Temple: D:4-7

Altars:
Ru
Trog


Innate Abilities, Weirdness & Mutations

You have hoof-like feet.
You are partially covered in iridescent scales. (AC +2)
You sometimes gain a little power by taking damage.


Message History

You kill the orc!
* * * LOW HITPOINT WARNING * * *
You feel sick.
* * * LOW HITPOINT WARNING * * *
You feel sick.
Things that are here:
a dagger of venom; a chain mail Your shield prevents you from hitting the orc wizard.
You kick the orc wizard!
The orc wizard is heavily wounded.
* * * LOW HITPOINT WARNING * * *
You feel sick.
The orc wizard gestures at you while chanting.
You feel yourself slow down.
The orc priest calls down the wrath of Beogh upon you.
Beogh smites you!
* * * LOW HITPOINT WARNING * * *
You barely miss the orc wizard. You kick the orc wizard.
You kill the orc wizard!
You die...

... ..# ... ..
#.##### ## ..
###.....### ... .
.......... #...#.
..o...#.#
..#...###).......
.........@......#
..####.###).....
####..## .#.##.
...##..##.#....
#...#..#......
..###.##........
#.##.....###....
#............[..
##.........#...


You could see an orc priest.

Vanquished Creatures
  An eye of draining (D:3)
  An ogre (D:4)
  A centaur skeleton (D:4)
  An orc priest (D:5)
  2 orc wizards
  A bullfrog skeleton (D:4)
  Jessica (D:2)
  Terence (D:2)
  2 worker ants
  5 adders
  7 gnolls
  A worm (D:2)
  A dart slug (D:1)
  3 leopard geckos
  6 orcs
  2 giant cockroaches
  2 goblins
  3 hobgoblins
  10 jackals
  2 kobolds
  A quokka (D:3)
  A ball python (D:2)
  3 bats
  5 frilled lizards
  2 rats
65 creatures vanquished.

Notes
Turn   | Place    | Note
-------+----------+-------------------------------------------
     0 | D:1      | IsaacBound the Demonspawn Fighter began the quest for the Orb.
     0 | D:1      | Reached XP level 1. HP: 18/18 MP: 1/1
    27 | D:1      | Reached skill level 2 in Long Blades
   272 | D:1      | Gained mutation: You are partially covered in iridescent scales. (AC +2) [demonic ancestry]
   272 | D:1      | Reached XP level 2. HP: 18/24 MP: 2/2
   591 | D:1      | Reached skill level 1 in Evocations
   724 | D:2      | Noticed Terence
   757 | D:2      | Killed Terence
   757 | D:2      | Reached skill level 3 in Long Blades
   757 | D:2      | Gained mutation: You have large cloven feet. [demonic ancestry]
   757 | D:2      | Reached XP level 3. HP: 21/29 MP: 2/4
   782 | D:2      | Noticed Jessica
   790 | D:2      | Killed Jessica
   790 | D:2      | Gained mutation: You have hoof-like feet. [demonic ancestry]
   790 | D:2      | Reached XP level 4. HP: 29/35 MP: 5/5
  1316 | D:2      | Found a sacrificial altar of Ru.
  1857 | D:3      | Found a bloodstained altar of Trog.
  1858 | D:3      | Noticed an eye of draining
  1865 | D:3      | Reached skill level 4 in Long Blades
  1871 | D:3      | Killed an eye of draining
  1871 | D:3      | Gained mutation: You sometimes gain a little power by taking damage. [demonic ancestry]
  1871 | D:3      | Reached XP level 5. HP: 37/41 MP: 0/6
  2436 | D:3      | Reached skill level 5 in Long Blades
  2543 | D:4      | Reached XP level 6. HP: 45/47 MP: 8/8
  3418 | D:4      | Reached skill level 6 in Long Blades
  3731 | D:5      | Entered Level 5 of the Dungeon
  3750 | D:5      | Reached XP level 7. HP: 35/52 MP: 9/9
  3758 | D:5      | HP: 1/78 [orc priest/divine providence (13)]
  3759 | D:5      | Succumbed to an orc's poison

Vault maps used:
D:1:      lightli_arrival_maybe_door_vault
D:2:      overflow_temple_1_default, first_bread, kennysheep_big_empty_room,
          uniq_terence, uniq_jessica
D:3:      trog_eyes_of_draining, kennysheep_generic_room_9
D:5:      lemuel_coloured_pillars_altar, grunt_temple_overflow_open,
          minmay_temple_entry_fiery, grunt_tough_drop

Skill      XL: |  1  2  3  4  5  6  7 |
---------------+----------------------+-----
Long Blades    | 2 3 4 5 6 |  6.3
Evocations     | 1 2 3 |  3.1
Shields        | 3 |  3.0
Fighting       | |  3.0
Armour         | |  2.8
Dodging        | |  0.1

Action                   |  1- 3 |  4- 6 |  7- 9 || total
-------------------------+-------+-------+-------++-------
Melee: Long sword        |    99 |   169 |     5 ||   273
       Kick              |     3 |    53 |     3 ||    59
 Abil: Evoke Berserk Rag |       |       |     1 ||     1
  Eat: Chunk             |       |    16 |       ||    16
Armor: Scale mail        |    43 |       |       ||    43
       Chain mail        |     5 |   117 |     3 ||   125
Dodge: Dodged            |    29 |    43 |     1 ||    73
Block: Shield            |    42 |    87 |     2 ||   131
       Rpst.: Long sword |    11 |    19 |     1 ||    31
